 Dungeon Crawl Stone Soup version 0.23-a0-189-gc87c613 (webtiles) character file.

140 Felrender the Skirmisher (level 5, 0/42 HPs)
             Began as a Demonspawn Fighter on Sept 24, 2018.
             Blown up by Ijyb (19 damage)
             ... with a wand of disintegration (15)
             ... on level 3 of the Dungeon.
             The game lasted 00:05:37 (2151 turns).

Felrender the Skirmisher (Demonspawn Fighter)       Turns: 2151, Time: 00:05:37

Health: 0/42       AC:  9    Str: 17    XL:     5   Next: 2%
Magic:  5/5        EV:  5    Int:  9    God:
Gold:   108        SH:  9    Dex: 15    Spells: 4/4 levels left

rFire    . . .     SeeInvis .   a - +0 long sword
rCold    . . .     Gourm    .   c - +0 shield
rNeg     . . .     Faith    .   j - +0 chain mail
rPois    +         Spirit   .   (no helmet)
rElec    .         Reflect  .   (no cloak)
rCorr    .         Harm     .   (no gloves)
MR       .....     Clarity  +   (no boots)
Stlth    ..........             (no amulet)
HPRegen  0.14/turn              b - ring of stealth
MPRegen  0.09/turn              (no ring)

@: no status effects
A: claws 1, hooves 1, agile 1, clarity, poison resistance, powered by pain 1
a: no special abilities


You were on level 3 of the Dungeon.
You were not hungry.

You visited 1 branch of the dungeon, and saw 3 of its levels.

You collected 108 gold pieces.

Inventory:

Hand Weapons
 a - a +0 long sword (weapon)
Armour
 c - a +0 shield (worn)
 j - a +0 chain mail (worn)
Jewellery
 b - a ring of stealth (left claw)
Scrolls
 h - 2 scrolls of remove curse
Potions
 d - a potion of might
 e - 3 potions of curing
 g - 2 potions of invisibility {unknown}
 i - a potion of haste {unknown}
 l - a potion of cancellation {unknown}
Comestibles
 f - 4 rations
 k - a chunk of flesh


   Skills:
 * Level 3.9 Fighting
 + Level 3.0 Long Blades
 + Level 3.3 Armour
 + Level 0.8 Dodging
 + Level 3.2 Shields


You had 4 spell levels left.
You didn't know any spells.
Your spell library was empty.

Dungeon Overview and Level Annotations

Branches:
Dungeon (3/15)

Altars:
Uskayaw
Vehumet
Zin

Annotations:
D:3 Ijyb


Innate Abilities, Weirdness & Mutations

You have sharp fingernails.
You sometimes gain a little power by taking damage.
You have large cloven feet.
You are agile. (Dex +2)
You possess an exceptional clarity of mind.
Your system is resistant to poisons. (rPois)


Message History

You see here a frilled lizard skeleton.
Found a scale mail.
You see here a scale mail.
l - a fizzy red potion You see here a robe.
You open the door.
There is an open door here.
You open the door.
Found a stone staircase leading down.
There is an open door here.
You now have 108 gold pieces (gained 10).
Ijyb the Twisted Goblin comes into view.
Ijyb zaps a wand.
You are blasted!
It is a wand of disintegration (16).
Ijyb is nearby!
A worm comes into view.
Found 21 arrows.
Ijyb zaps a wand.
You are blasted!
You barely miss Ijyb. You kick Ijyb, but do no damage.
Ijyb zaps a wand.
You are blasted!
You die...

.# ##+# ##.#
##...##
...##.##.....##
...##.#.......# #
...##.......... #.
...............
#.###..(#
#.........
#..@gw..#
#.......#
###.#####
##.....## #.#
##...## #.# ##'##
#.# ####.# #.#
#...># #.#
###....## #
#.######.......###
#...............##


You could see Ijyb and a worm.

Vanquished Creatures
  6 adders
  4 dart slugs
  A leopard gecko (D:2)
  4 orcs (D:2)
  2 giant cockroaches
  8 goblins
  6 hobgoblins
  10 jackals
  5 kobolds
  6 quokkas (D:2)
  6 bats
  4 frilled lizards
  5 rats (D:1)
  A plant (D:2)
68 creatures vanquished.

Vanquished Creatures (others)
  A plant (D:2)
1 creature vanquished.

Grand Total: 69 creatures vanquished

Notes
Turn   | Place    | Note
-------+----------+-------------------------------------------
     0 | D:1      | Felrender the Demonspawn Fighter began the quest for the
                  | Orb.
     0 | D:1      | Reached XP level 1. HP: 18/18 MP: 1/1
   130 | D:1      | Gained mutation: You have sharp fingernails. [demonic
                  | ancestry]
   130 | D:1      | Reached XP level 2. HP: 16/24 MP: 2/2
   506 | D:1      | Gained mutation: Your spells are a little easier to cast,
                  | but a little less powerful. [potion of mutation]
   506 | D:1      | Lost mutation: Your spells are a little easier to cast, but
                  | a little less powerful. [potion of mutation]
   506 | D:1      | Gained mutation: You possess an exceptional clarity of
                  | mind. [potion of mutation]
   506 | D:1      | Gained mutation: Your skin changes colour to match your
                  | surroundings (Stealth+). [potion of mutation]
   507 | D:1      | Lost mutation: Your skin changes colour to match your
                  | surroundings (Stealth+). [potion of mutation]
   507 | D:1      | Gained mutation: You have large cloven feet. [potion of
                  | mutation]
   507 | D:1      | Gained mutation: You are agile. (Dex +2) [potion of
                  | mutation]
   507 | D:1      | Gained mutation: Your system is resistant to poisons.
                  | (rPois) [potion of mutation]
   666 | D:1      | Reached XP level 3. HP: 29/29 MP: 3/3
   788 | D:2      | Found a glowing silver altar of Zin.
   957 | D:2      | Reached XP level 4. HP: 22/37 MP: 4/4
  1221 | D:2      | Found a radiant altar of Vehumet.
  1622 | D:3      | Found a hide-covered altar of Uskayaw.
  1901 | D:3      | Gained mutation: You sometimes gain a little power by
                  | taking damage. [demonic ancestry]
  1901 | D:3      | Reached XP level 5. HP: 29/42 MP: 5/5
  2147 | D:3      | Noticed Ijyb
  2151 | D:3      | Blown up by Ijyb

Vault maps used:
D:1:      lightli_arrival_statue_moat, minmay_pentomino_r2
D:2:      wad_woods_stonehenge, lemuel_doored_altar
D:3:      eat_drink_and_be_merry_uskayaw, lemuel_coloured_pillars_altar,
          marbit_many_paths, lemuel_crystal_altar, kennysheep_boxes, uniq_ijyb

Skill      XL: |  1  2  3  4 |
---------------+-------------+-----
Long Blades    | 2 3 |  3.0
Shields        | 3 |  3.2
Armour         | 3 |  3.3
Fighting       | |  3.9
Dodging        | |  0.8

Action                   |  1- 3 |  4- 6 || total
-------------------------+-------+-------++-------
Melee: Long sword        |   121 |    86 ||   207
       Kick              |    20 |    19 ||    39
  Use: Scroll            |     6 |     1 ||     7
       Potion            |     2 |     1 ||     3
  Eat: Chunk             |       |     4 ||     4
Armor: Scale mail        |     8 |       ||     8
       Ring mail         |    53 |     9 ||    62
       Chain mail        |       |    31 ||    31
Dodge: Dodged            |    45 |    23 ||    68
Block: Shield            |    58 |    47 ||   105
       Rpst.: Long sword |    12 |     7 ||    19

Table legend:
 A = Non-vault XP
 B = Vault XP
 C = Vault XP percentage of total XP
 D = Non-vault monster count
 E = Vault monster count
 F = Vault count percentage of total count
                 A         B        C        D         E       F
            +---------+---------+-------+---------+---------+-------
      Total |     185 |      16 |   8.0 |      60 |       7 |  10.4
            +---------+---------+-------+---------+---------+-------
        D:1 |      43 |       2 |   4.4 |      23 |       1 |   4.2
        D:2 |     107 |      14 |  11.6 |      24 |       6 |  20.0
        D:3 |      35 |       0 |   0.0 |      13 |       0 |   0.0
            +---------+---------+-------+---------+---------+-------
